[Event "Israeli U18-Team-ch 2024"]
[Site "Rishon LeZion"]
[Date "2024.08.01"]
[Round "5.11"]
[White "Afek, Itay"]
[Black "Manyevich, Rom"]
[Result "1/2-1/2"]
[ECO "A45"]
[WhiteElo "1913"]
[BlackElo "2015"]
[Annotator "RC"]
[PlyCount "84"]
[EventDate "2024.08.01"]
[EventType "team-tourn"]
[EventCountry "ISR"]
[SourceTitle "playchess.com"]
[Source "ChessBase"]
[SourceQuality "1"]
[TimeControl "3000+10"]

1. d4 Nf6 2. Bf4 c5 3. e3 Qb6 4. Nc3 a6 5. Na4 Qa5+ 6. c3 d6 7. dxc5 dxc5 8. b3 Bd7 9. Qc2 e6 10. Nb2 b5 11. Nf3 Nd5 12. Nd1 Be7 13. Be2 Nc6 14. Ne5 Nxe5 15. Bxe5 Bf6 16. Bxf6 Nxf6 17. Bf3 Rd8 18. O-O O-O 19. e4 Bc6 20. Nb2 e5 21. a4 Qc7 22. axb5 axb5 23. Rfe1 Rd6 24. Red1 Rfd8 25. Rxd6 Qxd6 26. Qe2 Qe7 27. Qe3 Nd7 28. Nd3 h6 29. h3 Qd6 30. Rd1 Qe7 31. Nxc5 Nxc5 32. Rxd8+ Qxd8 33. Qxc5 Qf6 34. c4 bxc4 35. Qxc4 Bd7 36. Qd5 Bxh3 37. b4 Be6 38. Qd6 Qf4 39. Qd1 g5 40. b5 Qf6 41. Qd6 Qf4 42. Qd1 Qf6 1/2-1/2

[Event "Israeli U18-Team-ch 2024"]
[Site "Rishon LeZion"]
[Date "2024.08.01"]
[Round "5.12"]
[White "Tauber, Ori"]
[Black "Pearl, Oliver"]
[Result "0-1"]
[ECO "D31"]
[WhiteElo "1741"]
[BlackElo "1795"]
[Annotator "NA RC"]
[PlyCount "58"]
[EventDate "2024.08.01"]
[EventType "team-tourn"]
[EventCountry "ISR"]
[SourceTitle "playchess.com"]
[Source "ChessBase"]
[SourceQuality "1"]
[TimeControl "3000+10"]

1. d4 d5 2. c4 e6 3. Nc3 a6 4. c5 b6 5. cxb6 cxb6 6. Nf3 Bb7 7. Bf4 Nf6 8. e3 Bd6 9. Ne5 O-O 10. Bd3 Nc6 11. Bg3 Bxe5 12. dxe5 Nd7 13. f4 Nc5 14. Bb1 d4 15. b4 dxc3 16. bxc5 Qxd1+ 17. Kxd1 Nb4 18. e4 Rac8 19. Kc1 c2 20. Bxc2 Rxc5 21. Kb2 Nxc2 22. Rac1 Rfc8 23. a4 Bxe4 24. Bf2 Rc4 25. Rhd1 Rb4+ 26. Ka2 Bd5+ 27. Rxd5 exd5 28. Be1 Rbc4 29. Bd2 Nb4+ 0-1

[Event "Israeli U18-Team-ch 2024"]
[Site "Rishon LeZion"]
[Date "2024.08.01"]
[Round "5.13"]
[White "Leib, Yoni"]
[Black "Medovoy, Yaniv"]
[Result "0-1"]
[ECO "D05"]
[WhiteElo "1977"]
[BlackElo "2059"]
[Annotator "RC"]
[PlyCount "62"]
[EventDate "2024.08.01"]
[EventType "team-tourn"]
[EventCountry "ISR"]
[SourceTitle "playchess.com"]
[Source "ChessBase"]
[SourceQuality "1"]
[TimeControl "3000+10"]

1. Nf3 d5 2. e3 Nf6 3. b3 e6 4. Bb2 Nbd7 5. d4 Bd6 6. Bd3 c6 7. O-O Qc7 8. Nbd2 e5 9. dxe5 Nxe5 10. Bxe5 Bxe5 11. Nxe5 Qxe5 12. c4 O-O 13. Nf3 Qe7 14. cxd5 Nxd5 15. Nd4 c5 16. Nf5 Bxf5 17. Bxf5 Rad8 18. Qf3 b5 19. Rac1 b4 20. Rc4 g6 21. Bh3 Nc3 22. Qc6 Rd2 23. a3 Rb2 24. Rxc5 Ne4 25. Ra5 Nxf2 26. Qf3 Nxh3+ 27. Qxh3 bxa3 28. e4 Qb4 29. Ra4 Qc5+ 30. Kh1 Qb5 31. Kg1 Rxb3 0-1

[Event "Israeli U18-Team-ch 2024"]
[Site "Rishon LeZion"]
[Date "2024.08.01"]
[Round "5.14"]
[White "Meirovich, Ilay"]
[Black "Ribstein, Orel"]
[Result "0-1"]
[ECO "E73"]
[WhiteElo "1957"]
[BlackElo "2066"]
[Annotator "RC"]
[PlyCount "100"]
[EventDate "2024.08.01"]
[EventType "team-tourn"]
[EventCountry "ISR"]
[SourceTitle "playchess.com"]
[Source "ChessBase"]
[SourceQuality "1"]
[TimeControl "3000+10"]

1. d4 Nf6 2. c4 g6 3. Nc3 Bg7 4. e4 d6 5. Be2 O-O 6. Be3 a5 7. Nf3 Bg4 8. O-O Nfd7 9. Qd2 e5 10. d5 Bxf3 11. Bxf3 f5 12. Bg5 Bf6 13. Bh6 Bg7 14. Bg5 Qe8 15. exf5 gxf5 16. h4 Nf6 17. g3 Qg6 18. c5 dxc5 19. d6 c6 20. Na4 Nbd7 21. Rac1 c4 22. Bg2 Kh8 23. Qe3 Nd5 24. Bxd5 cxd5 25. Be7 f4 26. Qf3 e4 27. Qg2 Rg8 28. Qh3 Bd4 29. Bg5 fxg3 30. Qxd7 gxf2+ 31. Kh1 h6 32. Qh3 hxg5 33. d7 gxh4 34. Rcd1 Qg3 35. Qxg3 hxg3 36. Kg2 e3 37. Rh1+ Kg7 38. Rxd4 e2 39. Rg4+ Kf6 40. Rf4+ Ke6 41. Rxf2 gxf2+ 42. Kxf2 b5 43. Rh6+ Ke5 44. Nb6 Rg2+ 45. Ke1 Rf8 46. Rh1 d4 47. Kd2 d3 48. b3 Rgg8 49. Re1 Rf1 50. bxc4 Rxe1 0-1

[Event "Israeli U18-Team-ch 2024"]
[Site "Rishon LeZion"]
[Date "2024.08.01"]
[Round "5.15"]
[White "Azoulay, Yehonatan"]
[Black "Abitbul, Matan"]
[Result "1/2-1/2"]
[ECO "C47"]
[WhiteElo "2009"]
[BlackElo "2035"]
[Annotator "RC"]
[PlyCount "76"]
[EventDate "2024.08.01"]
[EventType "team-tourn"]
[EventCountry "ISR"]
[SourceTitle "playchess.com"]
[Source "ChessBase"]
[SourceQuality "1"]
[TimeControl "3000+10"]

1. e4 e5 2. Nf3 Nc6 3. Nc3 Nf6 4. d4 exd4 5. Nxd4 Bb4 6. Nxc6 bxc6 7. Bd3 O-O 8. O-O d5 9. exd5 Bg4 10. f3 Bh5 11. Bg5 Qd6 12. Bxf6 Qxf6 13. dxc6 Bxc3 14. bxc3 Qxc3 15. Be4 Bg6 16. Qe1 Qc5+ 17. Qf2 Qxf2+ 18. Rxf2 Bxe4 19. fxe4 Rab8 20. Rf5 Rb4 21. Ra5 Rc4 22. Rxa7 Rxc6 23. Rc1 Re8 24. Ra4 Kf8 25. c3 Rb8 26. Rc2 Ke7 27. Kf2 Ke6 28. Ke3 Rb5 29. c4 Re5 30. Ra8 Kf6 31. a4 Rce6 32. Rf2+ Ke7 33. Ra7 Rxe4+ 34. Kd3 Re3+ 35. Kd2 Kd6 36. Rxf7 Re2+ 37. Kd1 Re1+ 38. Kd2 Ke5 1/2-1/2

[Event "Israeli U18-Team-ch 2024"]
[Site "Rishon LeZion"]
[Date "2024.08.01"]
[Round "5.16"]
[White "Berlad, Asaf"]
[Black "Belkovsky, Guy"]
[Result "0-1"]
[ECO "C90"]
[WhiteElo "1955"]
[BlackElo "1869"]
[Annotator "RC"]
[PlyCount "120"]
[EventDate "2024.08.01"]
[EventType "team-tourn"]
[EventCountry "ISR"]
[SourceTitle "playchess.com"]
[Source "ChessBase"]
[SourceQuality "1"]
[TimeControl "3000+10"]

1. e4 e5 2. Nf3 Nc6 3. Bb5 a6 4. Ba4 Nf6 5. d3 b5 6. Bb3 Be7 7. O-O O-O 8. Re1 d6 9. c3 Be6 10. Nbd2 Re8 11. h3 Bxb3 12. Nxb3 d5 13. Bg5 dxe4 14. dxe4 h6 15. Bxf6 Bxf6 16. Nbd2 Ne7 17. a4 c5 18. Qc2 Qc7 19. Nf1 g6 20. Ne3 Bg7 21. c4 Rab8 22. Red1 bxa4 23. Qxa4 Qc6 24. Qxc6 Nxc6 25. Rxa6 Nd4 26. Rd2 Rb7 27. Nd5 Reb8 28. Nxd4 exd4 29. Ra2 Rb3 30. Nc7 R8b4 31. Nd5 Rxc4 32. Ra1 d3 33. Rad1 Rc2 34. Rxd3 Rbxb2 35. Rf3 Bd4 36. Ne3 Bxe3 37. fxe3 Rxg2+ 38. Kf1 Rh2 39. Rd8+ Kg7 40. Kg1 Rhd2 41. Rc8 Rd1+ 42. Rf1 Rxf1+ 43. Kxf1 Rc2 44. e5 Rh2 45. Rxc5 Rxh3 46. Kf2 Rh5 47. Kf3 Rf5+ 48. Kg3 h5 49. Ra5 Kh6 50. Rb5 f6 51. Rb7 Rxe5 52. Kf4 h4 53. Rb8 Rh5 54. Kg4 h3 55. Rh8+ Kg7 56. Rxh5 gxh5+ 57. Kxh3 Kg6 58. Kg3 Kg5 59. e4 h4+ 60. Kh3 Kf4 0-1

[Event "Israeli U18-Team-ch 2024"]
[Site "Rishon LeZion"]
[Date "2024.08.01"]
[Round "6.2"]
[White "Milikow, Elie"]
[Black "Uritsky, Yonathan"]
[Result "1-0"]
[ECO "B06"]
[WhiteElo "2399"]
[BlackElo "2173"]
[Annotator "RC"]
[PlyCount "73"]
[EventDate "2024.08.01"]
[EventType "team-tourn"]
[EventCountry "ISR"]
[SourceTitle "playchess.com"]
[Source "ChessBase"]
[SourceQuality "1"]
[TimeControl "3000+10"]

1. e4 c5 2. Nf3 g6 3. c3 d5 4. exd5 Qxd5 5. d4 Bg7 6. Be3 cxd4 7. cxd4 Nf6 8. Nc3 Qa5 9. Bc4 O-O 10. h3 a6 11. O-O b5 12. Be2 Nbd7 13. a3 Bb7 14. Qd2 Rac8 15. Rfc1 Qd8 16. Qe1 Nb6 17. Ne5 Nfd7 18. Nd3 Nc4 19. Nc5 Nxc5 20. Bxc4 Bxd4 21. Rd1 e5 22. Bd5 Qh4 23. Bxb7 Nxb7 24. Nd5 Rfe8 25. Bxd4 exd4 26. Qd2 Rcd8 27. g3 Qxh3 28. Nf6+ Kf8 29. Nxe8 Rxe8 30. Qxd4 Kg8 31. Qb6 Re7 32. Qxa6 Qf5 33. Rd2 h5 34. Rad1 h4 35. Rd5 Qg4 36. Qf6 Re8 37. R5d4 1-0

[Event "Israeli U18-Team-ch 2024"]
[Site "Rishon LeZion"]
[Date "2024.08.01"]
[Round "6.3"]
[White "Kochavi, Dana"]
[Black "Gilor, Amit"]
[Result "1/2-1/2"]
[ECO "B45"]
[WhiteElo "2135"]
[BlackElo "1905"]
[Annotator "RC"]
[PlyCount "285"]
[EventDate "2024.08.01"]
[EventType "team-tourn"]
[EventCountry "ISR"]
[SourceTitle "playchess.com"]
[Source "ChessBase"]
[SourceQuality "1"]
[TimeControl "3000+10"]

1. e4 c5 2. Nf3 e6 3. d4 cxd4 4. Nxd4 Nf6 5. Nc3 Nc6 6. Ndb5 Bb4 7. a3 Bxc3+ 8. Nxc3 d5 9. exd5 exd5 10. Bg5 O-O 11. Bd3 Re8+ 12. Ne2 d4 13. O-O Bg4 14. h3 Bxe2 15. Bxe2 Qd6 16. Bd3 a6 17. Bh4 Ne5 18. Bg3 Qb6 19. Rb1 Nxd3 20. Qxd3 Ne4 21. Bh2 Qf6 22. Rbd1 Rad8 23. Qc4 b5 24. Qb4 Qb6 25. a4 f5 26. Rd3 Qc5 27. Qb3+ Kh8 28. axb5 axb5 29. Rfd1 b4 30. Bf4 Qb6 31. Qc4 Rc8 32. Qxd4 Qxd4 33. Rxd4 Rxc2 34. Rxb4 Nxf2 35. Rd2 Rxd2 36. Bxd2 Ne4 37. Be3 Nd6 38. Bc5 Ne4 39. Bd4 Kg8 40. Rb7 Nf6 41. Bxf6 gxf6 42. Kf2 Rc8 43. Kf3 Rc2 44. b4 Rb2 45. b5 Rb1 46. b6 Rb2 47. Rb8+ Kg7 48. b7 Rb1 49. Kf4 Rf1+ 50. Ke3 Rb1 51. Kd4 Rd1+ 52. Kc5 Rc1+ 53. Kd5 Rd1+ 54. Ke6 Re1+ 55. Kxf5 Rf1+ 56. Kg4 Rb1 57. Kf3 Rf1+ 58. Ke2 Rb1 59. g4 Rb2+ 60. Kf3 Rb3+ 61. Kf4 Rb4+ 62. Kg3 Rb3+ 63. Kh4 Rb5 64. Kg3 Rb3+ 65. Kf4 Rb4+ 66. Ke3 Rb3+ 67. Kd4 Rb4+ 68. Kd5 Rb1 69. h4 Rb2 70. Kc4 Rb1 71. Kc3 Rb6 72. Kc2 Rc6+ 73. Kd3 Rb6 74. Ke4 Rb4+ 75. Kd5 Rb1 76. Kc6 Rc1+ 77. Kb5 Rb1+ 78. Kc5 Rc1+ 79. Kd6 Rd1+ 80. Ke6 Re1+ 81. Kf5 Rf1+ 82. Ke4 Re1+ 83. Kf3 Rf1+ 84. Ke2 Rb1 85. Ke3 Rb3+ 86. Kf4 Rb4+ 87. Kf5 Rb5+ 88. Ke6 Rb6+ 89. Kd7 Rb1 90. Ke6 Rb6+ 91. Kf5 Rb5+ 92. Kf4 Rb4+ 93. Ke3 Rb3+ 94. Kd4 Rb4+ 95. Kc3 Rb1 96. h5 Rb6 97. Kc4 Rb1 98. Kc5 Rc1+ 99. Kd6 Rd1+ 100. Ke6 Re1+ 101. Kf5 Rf1+ 102. Ke4 Re1+ 103. Kf3 Rf1+ 104. Kg3 Rg1+ 105. Kh2 Rb1 106. Kh3 Rh1+ 107. Kg2 Rb1 108. Kg3 Rg1+ 109. Kf4 Rf1+ 110. Ke3 Re1+ 111. Kd2 Rb1 112. Kc3 Rb6 113. Kd4 Rb1 114. Kd5 Rd1+ 115. Kc5 Rc1+ 116. Kb6 Rb1+ 117. Kc6 Rc1+ 118. Kd6 Rd1+ 119. Kc5 Rc1+ 120. Kd4 Rd1+ 121. Kc3 Rb1 122. Kc2 Rb6 123. Kd3 Rb1 124. Ke4 Re1+ 125. Kf4 Rf1+ 126. Ke4 Re1+ 127. Kf5 Rf1+ 128. Ke6 Re1+ 129. Kd6 Rd1+ 130. Kc5 Rc1+ 131. Kb4 Rb1+ 132. Kc3 Rb6 133. Kc2 Rc6+ 134. Kd2 Rb6 135. Kd3 Rb1 136. Ke4 Re1+ 137. Kf3 Rf1+ 138. Kg3 Rg1+ 139. Kf2 Rb1 140. h6+ Kxh6 141. Kf3 Kg7 142. Kf4 Rf1+ 143. Kg3 1/2-1/2

[Event "Israeli U18-Team-ch 2024"]
[Site "Rishon LeZion"]
[Date "2024.08.01"]
[Round "6.4"]
[White "Magen, Ofek"]
[Black "Duchan, Yoav"]
[Result "0-1"]
[ECO "A41"]
[WhiteElo "1911"]
[BlackElo "2008"]
[Annotator "RC"]
[PlyCount "58"]
[EventDate "2024.08.01"]
[EventType "team-tourn"]
[EventCountry "ISR"]
[SourceTitle "playchess.com"]
[Source "ChessBase"]
[SourceQuality "1"]
[TimeControl "3000+10"]

1. d4 g6 2. c4 Bg7 3. Nc3 d6 4. Nf3 Nc6 5. e3 Nf6 6. a3 O-O 7. Be2 e5 8. O-O h6 9. b4 a6 10. Bb2 exd4 11. exd4 d5 12. Ne5 Be6 13. Bf3 dxc4 14. Nxc6 bxc6 15. Bxc6 Rb8 16. d5 Nxd5 17. Qc1 Nxc3 18. Bxc3 Bxc3 19. Qxc3 Qg5 20. f4 Qh5 21. Rae1 Rbd8 22. Re5 Qh4 23. g3 Qf6 24. Be4 Bh3 25. Re1 Rde8 26. Bd5 Qb6+ 27. R1e3 Rxe5 28. Qxe5 Bd7 29. Qe7 Be6 0-1

[Event "Israeli U18-Team-ch 2024"]
[Site "Rishon LeZion"]
[Date "2024.08.01"]
[Round "6.7"]
[White "Zakin, Ilay"]
[Black "Afek, Itay"]
[Result "0-1"]
[ECO "B12"]
[WhiteElo "2306"]
[BlackElo "1913"]
[Annotator "RC"]
[PlyCount "98"]
[EventDate "2024.08.01"]
[EventType "team-tourn"]
[EventCountry "ISR"]
[SourceTitle "playchess.com"]
[Source "ChessBase"]
[SourceQuality "1"]
[TimeControl "3000+10"]

1. e4 c6 2. d4 d5 3. e5 c5 4. Nf3 Nc6 5. Bb5 Bg4 6. dxc5 Qa5+ 7. Nc3 e6 8. Qd4 Bxf3 9. gxf3 Qxb5 10. Nxb5 Nxd4 11. Nxd4 Bxc5 12. Nb5 Rd8 13. Be3 d4 14. Bf4 Ne7 15. O-O-O Nf5 16. Rd3 a6 17. Na3 Bxa3 18. Rxa3 h6 19. Rd1 Rd5 20. Rb3 g5 21. Bg3 Rd7 22. Rbd3 Ke7 23. f4 g4 24. f3 Rg8 25. Kb1 h5 26. Bf2 h4 27. c3 gxf3 28. Bxd4 Nxd4 29. cxd4 f2 30. Rf3 Rg2 31. h3 Rg1 32. Kc2 Rc7+ 33. Kd2 Rc4 34. Ke2 Rc2+ 35. Ke3 Rxd1 36. Rxf2 Rxf2 37. Kxf2 Rxd4 38. Kf3 Rd2 39. Kg4 Rxb2 40. a4 b5 41. axb5 axb5 42. Kxh4 b4 43. Kg3 b3 44. h4 Rb1 45. Kg2 b2 46. h5 Rg1+ 47. Kxg1 b1=Q+ 48. Kg2 Qf5 49. Kg3 Qxh5 0-1

[Event "Israeli U18-Team-ch 2024"]
[Site "Rishon LeZion"]
[Date "2024.08.01"]
[Round "6.8"]
[White "Pearl, Oliver"]
[Black "Tashkinova, Sofiia"]
[Result "0-1"]
[ECO "A05"]
[WhiteElo "1795"]
[BlackElo "2127"]
[Annotator "RC"]
[PlyCount "136"]
[EventDate "2024.08.01"]
[EventType "team-tourn"]
[EventCountry "ISR"]
[SourceTitle "playchess.com"]
[Source "ChessBase"]
[SourceQuality "1"]
[TimeControl "3000+10"]

1. Nf3 Nf6 2. g3 b5 3. Na3 a6 4. c4 b4 5. Nc2 e6 6. Bg2 Bb7 7. O-O Be7 8. d4 O-O 9. d5 exd5 10. Nh4 c6 11. cxd5 Nxd5 12. Nf5 Bc5 13. e4 Ne7 14. Nxg7 Kxg7 15. Qh5 d6 16. Bg5 Nd7 17. Bh3 f6 18. Bh6+ Kh8 19. Qg4 Ng6 20. Qxd7 Qxd7 21. Bxd7 Rf7 22. Bf5 Bc8 23. Bxc8 Rxc8 24. Be3 Bxe3 25. Nxe3 Re8 26. Nf5 Rd7 27. Rfe1 Ne5 28. Kg2 Nd3 29. Re2 d5 30. f3 dxe4 31. fxe4 c5 32. b3 a5 33. Kf3 a4 34. Ne3 Ne5+ 35. Kf4 Nd3+ 36. Kf3 Rd4 37. Nd5 f5 38. Nf6 Re6 39. Nh5 fxe4+ 40. Kg2 Re5 41. Nf6 Kg7 42. Rf1 axb3 43. axb3 e3 44. h3 Re6 45. Ng4 Rde4 46. Rf3 h5 47. Nxe3 Nc1 48. Nf5+ Kg6 49. Ref2 Re2 50. Nh4+ Kh6 51. Nf5+ Kh7 52. g4 hxg4 53. hxg4 c4 54. Rh3+ Kg8 55. Nh6+ Kg7 56. Nf5+ Kg8 57. bxc4 b3 58. Nh6+ Kg7 59. Nf5+ Kg6 60. Rhf3 b2 61. Nh4+ Kh6 62. Nf5+ Kg5 63. Nd4 Rxf2+ 64. Kxf2 b1=Q 65. Nxe6+ Kxg4 66. Rf4+ Kh5 67. Rf3 Qc2+ 68. Kg3 Qg6+ 0-1

[Event "Israeli U18-Team-ch 2024"]
[Site "Rishon LeZion"]
[Date "2024.08.01"]
[Round "6.9"]
[White "Shefer, Uri"]
[Black "Leib, Yoni"]
[Result "1-0"]
[ECO "E16"]
[WhiteElo "2063"]
[BlackElo "1977"]
[Annotator "RC"]
[PlyCount "143"]
[EventDate "2024.08.01"]
[EventType "team-tourn"]
[EventCountry "ISR"]
[SourceTitle "playchess.com"]
[Source "ChessBase"]
[SourceQuality "1"]
[TimeControl "3000+10"]

1. d4 Nf6 2. c4 e6 3. g3 Bb4+ 4. Nd2 O-O 5. Bg2 d5 6. Ngf3 b6 7. O-O Bb7 8. Ne5 a5 9. Ndf3 Nbd7 10. Bf4 Nxe5 11. Nxe5 Bd6 12. Rc1 c5 13. dxc5 Bxc5 14. e3 h6 15. Nd3 Bd6 16. Qa4 Qe7 17. cxd5 e5 18. Nxe5 Bxe5 19. d6 Bxd6 20. Bxd6 Qxd6 21. Bxb7 Rab8 22. Bg2 Qe5 23. Rc2 Rfd8 24. Rfc1 Nd7 25. Rd2 Nc5 26. Qd1 Qf6 27. Rc4 Ne6 28. Rc6 Qxb2 29. Rxb2 Rxd1+ 30. Bf1 b5 31. Kg2 b4 32. Ra6 Rd5 33. a3 Rc5 34. Be2 Nc7 35. Ra7 g6 36. e4 Kg7 37. axb4 Rbb5 38. bxc5 Rxc5 39. Rb4 axb4 40. Rb7 Rc2 41. Bd3 Rc3 42. Be2 b3 43. Bd1 Ne6 44. Bxb3 Kf6 45. Bd5 g5 46. h3 Ra3 47. Rb6 Ke7 48. Rb7+ Kf6 49. Rb6 Ke7 50. e5 Ra5 51. Rb7+ Kf8 52. Bxe6 fxe6 53. f4 Kg8 54. Re7 Ra6 55. Kf3 Ra3+ 56. Kg4 h5+ 57. Kxh5 gxf4 58. gxf4 Rxh3+ 59. Kg6 Rg3+ 60. Kf6 Rf3 61. Kg5 Rg3+ 62. Kh4 Rg6 63. Kh5 Rg2 64. Rxe6 Kf7 65. Ra6 Ke7 66. Rg6 Rh2+ 67. Kg5 Kf7 68. Ra6 Re2 69. Kf5 Rb2 70. Ra7+ Ke8 71. Kf6 Rh2 72. e6 1-0

[Event "Israeli U18-Team-ch 2024"]
[Site "Rishon LeZion"]
[Date "2024.08.01"]
[Round "6.11"]
[White "Hasson Schrager, Shalev"]
[Black "Azoulay, Yehonatan"]
[Result "0-1"]
[ECO "D00"]
[WhiteElo "1972"]
[BlackElo "2009"]
[Annotator "RC"]
[PlyCount "74"]
[EventDate "2024.08.01"]
[EventType "team-tourn"]
[EventCountry "ISR"]
[SourceTitle "playchess.com"]
[Source "ChessBase"]
[SourceQuality "1"]
[TimeControl "3000+10"]

1. d4 Nf6 2. Nc3 d5 3. Bf4 e6 4. e3 Bb4 5. Bd3 c5 6. Nf3 c4 7. Be2 Bxc3+ 8. bxc3 Ne4 9. Ne5 Nxc3 10. Qd2 Nxe2 11. Qxe2 Qa5+ 12. Kf1 O-O 13. h4 f6 14. Nf3 Nc6 15. Rd1 b6 16. e4 Ba6 17. Kg1 dxe4 18. Qxe4 Qd5 19. Qe2 Rad8 20. Kh2 h5 21. Rhg1 Bc8 22. Be3 b5 23. g4 hxg4 24. Rxg4 e5 25. Rg3 e4 26. Ne1 f5 27. Ng2 Ne5 28. Nf4 Nf3+ 29. Kh1 Qd6 30. a4 a6 31. axb5 axb5 32. Ra1 Rd7 33. d5 Qf6 34. Ra8 Rxd5 35. Ra7 Rd7 36. Rxd7 Bxd7 37. h5 Qa1+ 0-1

[Event "Israeli U18-Team-ch 2024"]
[Site "Rishon LeZion"]
[Date "2024.08.01"]
[Round "6.13"]
[White "Orian, Noga"]
[Black "Menahem, Adi"]
[Result "1/2-1/2"]
[ECO "E11"]
[WhiteElo "2113"]
[BlackElo "2228"]
[Annotator "RC"]
[PlyCount "80"]
[EventDate "2024.08.01"]
[EventType "team-tourn"]
[EventCountry "ISR"]
[SourceTitle "playchess.com"]
[Source "ChessBase"]
[SourceQuality "1"]
[TimeControl "3000+10"]

1. d4 Nf6 2. c4 e6 3. g3 d5 4. Nf3 Bb4+ 5. Bd2 Be7 6. Bg2 c6 7. Qc2 Nbd7 8. O-O Ne4 9. Be3 Nd6 10. b3 f5 11. cxd5 cxd5 12. Nc3 O-O 13. Rac1 b6 14. Qd2 Nf7 15. Ne1 Ba6 16. Nd3 Nf6 17. f3 Rc8 18. a4 Ba3 19. Rc2 Qe7 20. Ra1 Rc7 21. Bf4 Bd6 22. Bxd6 Qxd6 23. Nb5 Bxb5 24. axb5 Rfc8 25. Rxc7 Rxc7 26. Nb4 Qd7 27. Nc6 Nd6 28. Qb4 Nxb5 29. Qxb5 Qxc6 30. Qxc6 Rxc6 31. Rxa7 Rc3 32. Re7 Rxb3 33. Rxe6 Kf7 34. Rc6 b5 35. Rb6 b4 36. Bh3 g6 37. Rb7+ Ke6 38. Rb6+ Kf7 39. Rb7+ Ke6 40. Rb6+ Kf7 1/2-1/2

[Event "Israeli U18-Team-ch 2024"]
[Site "Rishon LeZion"]
[Date "2024.08.01"]
[Round "6.14"]
[White "Rinberg, David"]
[Black "Pevzner, Maks"]
[Result "0-1"]
[ECO "B35"]
[WhiteElo "1939"]
[BlackElo "2052"]
[Annotator "RC"]
[PlyCount "50"]
[EventDate "2024.08.01"]
[EventType "team-tourn"]
[EventCountry "ISR"]
[SourceTitle "playchess.com"]
[Source "ChessBase"]
[SourceQuality "1"]
[TimeControl "3000+10"]

1. e4 c5 2. Nf3 g6 3. d4 cxd4 4. Nxd4 Bg7 5. Nc3 Nc6 6. Be3 Nf6 7. Bc4 O-O 8. Bb3 Re8 9. O-O d6 10. h3 Na5 11. f4 a6 12. g4 e5 13. Nde2 Nxb3 14. axb3 exf4 15. Bxf4 Nxe4 16. Qd3 Nxc3 17. Nxc3 Qb6+ 18. Kh2 Be6 19. Be3 Qc7 20. Bd4 d5+ 21. Kg2 Bd7 22. Bxg7 Kxg7 23. Rf3 Bc6 24. Raf1 d4 25. Qxd4+ Qe5 0-1

[Event "Israeli U18-Team-ch 2024"]
[Site "Rishon LeZion"]
[Date "2024.08.01"]
[Round "6.15"]
[White "Zuev, Ilya"]
[Black "Gartenfloys, Mark"]
[Result "0-1"]
[ECO "A48"]
[WhiteElo "1908"]
[BlackElo "1808"]
[Annotator "RC"]
[PlyCount "89"]
[EventDate "2024.08.01"]
[EventType "team-tourn"]
[EventCountry "ISR"]
[SourceTitle "playchess.com"]
[Source "ChessBase"]
[SourceQuality "1"]
[TimeControl "3000+10"]

1. d4 Nf6 2. Nf3 g6 3. Bf4 Bg7 4. e3 O-O 5. h3 d6 6. Be2 Nbd7 7. O-O c5 8. c3 a6 9. a4 b6 10. Nbd2 Bb7 11. Bd3 Nd5 12. Bg3 Nc7 13. Be4 Bxe4 14. Nxe4 Nf6 15. Qc2 Ne6 16. Rfd1 b5 17. Nxf6+ Bxf6 18. Nd2 c4 19. Ra2 Qb6 20. Rda1 Nc7 21. Qb1 Rfb8 22. axb5 axb5 23. Rxa8 Rxa8 24. Rxa8+ Nxa8 25. Qa2 Nc7 26. Kf1 Na6 27. f3 d5 28. e4 e6 29. Ke2 Be7 30. Bf2 Bg5 31. e5 Be7 32. Be3 Kg7 33. Kf2 Bd8 34. Qb1 b4 35. Qc1 b3 36. Nf1 Qa5 37. Bh6+ Kg8 38. Nh2 Qa2 39. Ng4 Be7 40. Nf6+ Bxf6 41. exf6 Nc7 42. Qf4 Qxb2+ 43. Kg1 Qa1+ 44. Kh2 Qa7 45. Bf8 0-1

[Event "Israeli U18-Team-ch 2024"]
[Site "Rishon LeZion"]
[Date "2024.08.01"]
[Round "6.16"]
[White "Rabinovich, Yoav"]
[Black "Mendler, Omer"]
[Result "1-0"]
[ECO "D02"]
[WhiteElo "2012"]
[BlackElo "1930"]
[Annotator "RC"]
[PlyCount "93"]
[EventDate "2024.08.01"]
[EventType "team-tourn"]
[EventCountry "ISR"]
[SourceTitle "playchess.com"]
[Source "ChessBase"]
[SourceQuality "1"]
[TimeControl "3000+10"]

1. d4 Nf6 2. c4 e6 3. Nf3 b6 4. g3 Bb7 5. Bg2 d5 6. cxd5 exd5 7. O-O Bd6 8. Nc3 O-O 9. Nh4 Re8 10. Bg5 c6 11. e4 dxe4 12. Nxe4 Be7 13. Nf5 Nd5 14. Qh5 Bc8 15. Bxe7 Nxe7 16. Nfd6 Ng6 17. Nxe8 Qxe8 18. Nd6 Qd8 19. Nxc8 Qxc8 20. Rac1 Qd7 21. d5 c5 22. Rfe1 Na6 23. Qe2 Nc7 24. d6 Re8 25. dxc7 Rxe2 26. Rxe2 Qxc7 27. Re8+ Nf8 28. Rd1 c4 29. Rdd8 Qc5 30. Rxf8+ Qxf8 31. Rxf8+ Kxf8 32. a4 a6 33. Bb7 b5 34. Bxa6 c3 35. bxc3 bxa4 36. Kf1 Ke7 37. Ke2 a3 38. Bc4 f5 39. Kd2 Kf6 40. f4 g5 41. Ke3 h5 42. h3 h4 43. gxh4 g4 44. hxg4 fxg4 45. Kf2 Kg6 46. Kg3 Kf5 47. Ba2 1-0

[Event "Israeli U18-Team-ch 2024"]
[Site "Rishon LeZion"]
[Date "2024.08.01"]
[Round "7.2"]
[White "Ribstein, Orel"]
[Black "Milikow, Elie"]
[Result "0-1"]
[ECO "D02"]
[WhiteElo "2066"]
[BlackElo "2399"]
[Annotator "RC"]
[PlyCount "76"]
[EventDate "2024.08.01"]
[EventType "team-tourn"]
[EventCountry "ISR"]
[SourceTitle "playchess.com"]
[Source "ChessBase"]
[SourceQuality "1"]
[TimeControl "3000+10"]

1. d4 Nf6 2. Nf3 d5 3. Bf4 e6 4. e3 b6 5. Nbd2 Bb7 6. c3 Bd6 7. Ne5 O-O 8. h4 c5 9. Bd3 Qc7 10. h5 Nc6 11. Ndf3 Ne4 12. h6 g6 13. Nxc6 Bxc6 14. Bxd6 Nxd6 15. Ne5 Bb7 16. Qg4 Kh8 17. Nf3 Rae8 18. O-O-O Qe7 19. Nh4 Rg8 20. f4 f6 21. Nf3 c4 22. Bb1 b5 23. Qh4 a5 24. Qe1 Bc6 25. g4 Rb8 26. f5 exf5 27. gxf5 g5 28. Rh2 b4 29. Re2 Ba4 30. e4 Bxd1 31. Kxd1 dxe4 32. Bxe4 Nxe4 33. Rxe4 Qd7 34. Re6 Qa4+ 35. Ke2 Qc2+ 36. Ke3 Qxf5 37. Re7 bxc3 38. Qxc3 Rge8 0-1

[Event "Israeli U18-Team-ch 2024"]
[Site "Rishon LeZion"]
[Date "2024.08.01"]
[Round "7.3"]
[White "Dezent, Eyal"]
[Black "Azoulay, Yehonatan"]
[Result "0-1"]
[ECO "A45"]
[WhiteElo "2076"]
[BlackElo "2009"]
[Annotator "RC"]
[PlyCount "72"]
[EventDate "2024.08.01"]
[EventType "team-tourn"]
[EventCountry "ISR"]
[SourceTitle "playchess.com"]
[Source "ChessBase"]
[SourceQuality "1"]
[TimeControl "3000+10"]

1. d4 Nf6 2. Bg5 g6 3. Bxf6 exf6 4. e3 Bg7 5. Ne2 f5 6. g3 O-O 7. Bg2 d6 8. O-O c6 9. c4 Nd7 10. Nbc3 Nf6 11. Qc2 Bd7 12. Rfd1 Rc8 13. Qb3 Qc7 14. d5 c5 15. a4 b6 16. Ra2 a6 17. Rda1 Rb8 18. Qc2 h5 19. h4 Rb7 20. a5 b5 21. cxb5 axb5 22. a6 Ra7 23. Ra5 Rb8 24. Qb3 Qb6 25. Nf4 Ne8 26. Bf1 Nc7 27. Qa2 Rba8 28. Qb3 Rxa6 29. Rxa6 Rxa6 30. Rxa6 Qxa6 31. Qc2 Qa1 32. Kg2 b4 33. Nd1 Ba4 34. b3 Bb5 35. Bxb5 Nxb5 36. e4 Nd4 0-1

[Event "Israeli U18-Team-ch 2024"]
[Site "Rishon LeZion"]
[Date "2024.08.01"]
[Round "7.4"]
[White "Belkovsky, Guy"]
[Black "Gilor, Amit"]
[Result "0-1"]
[ECO "B45"]
[WhiteElo "1869"]
[BlackElo "1905"]
[Annotator "RC"]
[PlyCount "42"]
[EventDate "2024.08.01"]
[EventType "team-tourn"]
[EventCountry "ISR"]
[SourceTitle "playchess.com"]
[Source "ChessBase"]
[SourceQuality "1"]
[TimeControl "3000+10"]

1. e4 c5 2. Nf3 e6 3. d4 cxd4 4. Nxd4 Nf6 5. Nc3 Nc6 6. Nxc6 bxc6 7. e5 Nd5 8. Ne4 Qc7 9. f4 Qb6 10. c4 Ne3 11. Qd3 Bb4+ 12. Bd2 Ba6 13. b3 O-O 14. Bxb4 Qxb4+ 15. Ke2 Nxc4 16. a3 Nxa3 17. Qxa6 Qxe4+ 18. Kd2 Qxf4+ 19. Kd3 Qf5+ 20. Kd4 c5+ 21. Ke3 Qxe5+ 0-1